 Dungeon Crawl Stone Soup version 0.22-a0-271-gc000056 (webtiles) character file.

22 tidbits the Insei (level 2, 1/23 HPs)
             Began as a Gnoll Transmuter on Mar 11, 2018.
             Quit the game on level 2 of the Dungeon.
             The game lasted 00:01:40 (151 turns).

tidbits the Insei (Gnoll Transmuter)                 Turns: 151, Time: 00:01:41

Health: 1/23       AC:  2    Str: 12    XL:     2   Next: 91%
Magic:  3/7        EV: 14    Int: 15    God:
Gold:   34         SH:  0    Dex: 15    Spells: 7/10 levels left

rFire    . . .     SeeInvis .     - Unarmed
rCold    . . .     Gourm    .   (no shield)
rNeg     . . .     Faith    .   b - +0 robe
rPois    .         Spirit   .   (no helmet)
rElec    .         Reflect  .   (no cloak)
rCorr    .         Harm     .   (no gloves)
MR       .....                  (no boots)
Stlth    ++........             (no amulet)
HPRegen  0.07/turn              (no ring)
MPRegen  0.10/turn              (no ring)

@: lethally poisoned (1 -> -9), appendage
A: distributed training, fangs 1, horns 2, strong nose
a: End Transformation


You were on level 2 of the Dungeon.
You were not hungry.
You had grown temporary horns.
You visited 1 branch of the dungeon, and saw 2 of its levels.

You collected 34 gold pieces.

Inventory:

Missiles
 a - 22 arrows
Armour
 b - a +0 robe (worn)
Scrolls
 c - a scroll of blinking {unknown}
 e - a scroll of remove curse {unknown}
Comestibles
 d - a ration


   Skills:
 + Level 2.5 Fighting
 + Level 0.5 Short Blades
 + Level 0.5 Long Blades
 + Level 0.5 Axes
 + Level 0.5 Maces & Flails
 + Level 0.5 Polearms
 + Level 0.5 Staves
 + Level 0.5 Slings
 + Level 0.5 Bows
 + Level 0.5 Crossbows
 + Level 0.5 Throwing
 + Level 0.5 Armour
 + Level 4.5 Dodging
 + Level 0.5 Stealth
 + Level 0.5 Shields
 + Level 6.5 Unarmed Combat
 + Level 4.9 Spellcasting
 + Level 0.4 Conjurations
 + Level 0.4 Hexes
 + Level 0.4 Charms
 + Level 0.4 Summonings
 + Level 0.4 Necromancy
 + Level 0.4 Translocations
 + Level 3.7 Transmutations
 + Level 0.4 Fire Magic
 + Level 0.4 Ice Magic
 + Level 0.4 Air Magic
 + Level 0.4 Earth Magic
 + Level 0.4 Poison Magic
 + Level 0.7 Invocations
 + Level 0.5 Evocations


You had 7 spell levels left.
You knew the following spells:

 Your Spells              Type           Power        Failure   Level  Hunger
e - Beastly Appendage     Tmut           ##....       3%          1    None
k - Sticks to Snakes      Tmut           ##......     5%          2    ##.....


Dungeon Overview and Level Annotations

Branches:
Dungeon (2/15)

Altars:
Vehumet


Innate Abilities, Weirdness & Mutations

Your experience applies equally to all skills.
You have very sharp teeth.
Your uncanny sense of smell can sniff out nearby items.
You have a pair of horns on your head.


Message History

Your ball python grabs the adder.
Your ball python constricts the adder.
The adder misses you.
You completely miss the adder. You claw the adder, but do no damage.
You punch the adder.
The adder is severely wounded.
The bat misses you. The bat hits you but does no damage.
Your ball python bites the adder.
Your ball python constricts the adder.
The bat hits your ball python. The adder bites your ball python.
You barely miss the adder. Your bite misses the adder.
The adder is almost dead.
The bat misses you. The bat hits your ball python.
Your ball python dies!
The adder barely misses you.
A jackal comes into view.
You closely miss the adder.
The jackal barks!
Your bite misses the adder.
The adder is almost dead.
You hear a bark!
The bat closely misses you. The adder misses you.
You closely miss the adder. Your kick misses the adder.
Your bite misses the adder.
The adder is almost dead.
The adder bites you but does no damage. The frilled lizard bites you.
* * * LOW HITPOINT WARNING * * *
The bat hits you but does no damage.
You hit the adder.
You kill the adder!
The bat barely misses you.
The frilled lizard completely misses you.
The bat closely misses you. The frilled lizard barely misses you.
Your transformation is almost over.
The bat closely misses you. The frilled lizard closely misses you.
The bat closely misses you.
You hit the bat. Your kick misses the bat. You bite the bat, but do no damage.
The bat is moderately wounded.
The bat completely misses you. The bat hits you.
* * * LOW HITPOINT WARNING * * *
You hit the bat.
You kill the bat!
You closely miss the frilled lizard.
You kill the frilled lizard!
You closely miss the jackal. Your kick misses the jackal. The jackal bites you.
* * * LOW HITPOINT WARNING * * *
The jackal bites you but does no damage.
You closely miss the jackal. The jackal barely misses you.
You punch the jackal!
You kill the jackal!
You aren't carrying any potions.
You see here a bat corpse.
Your talons disappear.
A giant cockroach comes into view.
Casting: Sticks to Snakes (safe; 5% risk of failure)
Confirm with . or Enter, or press ? or * to list all spells.
Your feet morph into talons.
A hobgoblin comes into view.
The hobgoblin shouts!
Found 18 stones and a robe.
Your transformation is almost over.
You see here 17 gold pieces.
You now have 34 gold pieces (gained 17).
Found a scroll labeled YTTAMP YTOLE and 19 sling bullets.
Unknown command.
An adder comes into view.
The adder hisses angrily.
You see here a scroll labeled YTTAMP YTOLE.
e - a scroll labeled YTTAMP YTOLE Your talons disappear.
Casting: Beastly Appendage (safe; 3% risk of failure)
Confirm with . or Enter, or press ? or * to list all spells.
You create a snake!
You now have 22 arrows.
Casting: Sticks to Snakes (safe; 5% risk of failure)
Confirm with . or Enter, or press ? or * to list all spells.
You grow a pair of large bovine horns.
Your ball python barely misses the adder. x2
You hit the adder but do no damage. The adder barely misses you.
Your ball python barely misses the adder.
Your ball python completely misses the adder.
You hit the adder. Your headbutt misses the adder.
The adder is moderately wounded.
The adder bites you.
* * * LOW HITPOINT WARNING * * *
You are lethally poisoned!
The adder poisons you!
Your ball python misses the adder.
Your ball python grabs the adder.
Your ball python constricts the adder.
The adder barely misses you.
The hobgoblin hits you but does no damage.
You barely miss the adder. Your headbutt misses the adder.
You bite the adder, but do no damage.
The adder is moderately wounded.
* * * LOW HITPOINT WARNING * * *
You feel sick.
Your ball python bites the adder.
Your ball python constricts the adder.
The adder bites you.
* * * LOW HITPOINT WARNING * * *
You are more poisoned.
The adder poisons you! The hobgoblin hits you.
* * * LOW HITPOINT WARNING * * *
You aren't carrying any potions.
Unknown command.
Are you sure you want to abandon this character and quit the game? (Confirm with "yes".)

.##.##.########..#####..
.....#.#.....†...†......
.#.†.#.#.#####.####$###.
_......# #.....#([#..$#
.#..#.## #.##[.#..#..$#
.####... #.......### .#
...#.# #..###.....
....#..# # ##.#SS.#..#
######.# #.#@gs#∆ #
....... #.###.####.#
######w #..........#
..............###
###############


You could see an adder, a giant cockroach, a hobgoblin and a friendly ball
python.

Vanquished Creatures
  An adder (D:2)
  A dart slug (D:2)
  A leopard gecko (D:2)
  2 giant cockroaches (D:2)
  2 hobgoblins (D:2)
  A jackal (D:2)
  A bat (D:2)
  A frilled lizard (D:2)
  A rat (D:1)
11 creatures vanquished.

Notes
Turn   | Place    | Note
-------+----------+-------------------------------------------
     0 | D:1      | tidbits the Gnoll Transmuter began the quest for the Orb.
     0 | D:1      | Reached XP level 1. HP: 17/17 MP: 6/6
    66 | D:2      | Found a radiant altar of Vehumet.
    95 | D:2      | Reached XP level 2. HP: 22/23 MP: 5/7
    99 | D:2      | Learned a level 2 spell: Sticks to Snakes
   150 | D:2      | HP: 2/23 [adder (3)]
   151 | D:2      | Quit the game

Vault maps used:
D:1:      mainiacjoe_arrival_reflecting_pool
D:2:      lemuel_crystal_altar, chequers_ecumenical_altar_simple, minivault_19,
          minmay_octomino_c4

Action                   || total
-------------------------++-------
Melee: Unarmed           ||    31
       Headbutt          ||     3
       Kick              ||     3
       Bite              ||     2
       Punch             ||     1
 Cast: Beastly Appendage ||     7
       Sticks to Snakes  ||     2
Armor: Robe              ||     8
Dodge: Dodged            ||    26

Table legend:
 A = Spawn XP
 B = Non-spawn XP
 C = Spawn XP percentage of total XP
 D = Spawn monster count
 E = Non-spawn monster count
 F = Spawn count percentage of total count
 G = Total turns spent on level
                    A         B        C        D         E        F      G
               +---------+---------+-------+---------+---------+-------+---------
         Total |       0 |      32 |   0.0 |       0 |      11 |   0.0 |   151
               +---------+---------+-------+---------+---------+-------+---------
           D:1 |       0 |       1 |   0.0 |       0 |       1 |   0.0 |    51
           D:2 |       0 |      31 |   0.0 |       0 |      10 |   0.0 |   100
               +---------+---------+-------+---------+---------+-------+---------

Table legend:
 A = Turns spent in this place as a percentage of turns spent in the entire game.
 B = Non-inter-level travel turns spent in this place as a percentage of non-inter-level travel turns spent in the entire game.
 C = Inter-level travel turns spent in this place as a percentage of turns spent in this place.
 D = Turns resting spent in this place as a percentage of non-inter-level travel turns spent in this place.
 E = Turns spent auto-exploring this place as a percentage of non-inter-level travel turns spent in this place.
 F = Non-inter-level travel turns spent in this place divided by the number of levels of this place that you've seen.
                   A       B       C       D       E      F
               +-------+-------+-------+-------+-------+----------------------
         Total | 100.0 | 100.0 |   0.0 |   0.0 |   0.0 |  75.5
       Dungeon | 100.0 | 100.0 |   0.0 |   0.0 |   0.0 |  75.5
               +-------+-------+-------+-------+-------+----------------------

Table legend:
 A = Kills in this place as a percentage of kills in entire the game.
 B = Kills by you in this place as a percentage of kills by you in the entire game.
 C = Kills by friends in this place as a percentage of kills by friends in the entire game.
 D = Other kills in this place as a percentage of other kills in the entire game.
 E = Experience gained in this place as a percentage of experience gained in the entire game.
 F = Experience gained in this place divided by the number of levels of this place that you have seen.
                   A       B       C       D       E      F
               +-------+-------+-------+-------+-------+----------------------
         Total | 100.0 | 100.0 |   N/A |   N/A | 100.0 |  16.0
       Dungeon | 100.0 | 100.0 |   N/A |   N/A | 100.0 |  16.0
               +-------+-------+-------+-------+-------+----------------------

Vault maps used:
D:1:      mainiacjoe_arrival_reflecting_pool
D:2:      lemuel_crystal_altar, chequers_ecumenical_altar_simple, minivault_19,
          minmay_octomino_c4
